 Dungeon Crawl Stone Soup version 0.27-a0-1456-gf5a116941d (webtiles) character file.

Game seed: 11932506453426655634

44 Nausicaa the Ruffian (level 3, -1/36 HPs)
             Began as a Troll Monk on July 7, 2021.
             Slain by a goblin (18 damage)
             ... led by Robin
             ... on level 2 of the Dungeon.
             The game lasted 00:02:08 (829 turns).

Nausicaa the Ruffian (Troll Monk)                    Turns: 829, Time: 00:02:09

Health: -1/36      AC:  4    Str: 19    XL:     3   Next: 41%
Magic:  2/2        EV: 10    Int:  7    God:
Gold:   43         SH:  0    Dex: 12    Spells: 2/2 levels left

rFire    . . .     SeeInvis .     - Unarmed
rCold    . . .     Faith    .   (no shield)
rNeg     . . .     Spirit   .   a - +0 robe
rPois    .         Reflect  .   (helmet restricted)
rElec    .         Harm     .   (no cloak)
rCorr    .         Rampage  .   (gloves unavailable)
Will     .....                  (boots unavailable)
Stlth    ++........             (no amulet)
HPRegen  1.12/turn              (no ring)
MPRegen  0.08/turn              (no ring)

@: no status effects
A: large, unfitting armour, claws 3, regeneration 1, shaggy fur 1, tough skin 1
a: no special abilities


You were on level 2 of the Dungeon.
You visited 1 branch of the dungeon, and saw 2 of its levels.

You collected 43 gold pieces.

Inventory:

Missiles
 c - 26 arrows
 f - 13 poisoned darts (quivered)
Armour
 a - a +0 robe (worn)
Potions
 b - a potion of curing {unknown}
 d - a potion of flight {unknown}
 e - a potion of lignification {unknown}


   Skills:
 + Level 2.8 Fighting
 + Level 2.8 Dodging
 - Level 1.0 Stealth
 * Level 3.8 Unarmed Combat


You had 2 spell levels left.
You didn't know any spells.
Your spell library contained the following spells:

 Spells                   Type           Power      Damage    Failure   Level
 Dazzling Flash           Conj/Hex       0%         N/A       80%         3
 Agony                    Necr           0%         N/A       100%        5
 Silence                  Hex/Air        0%         N/A       100%        5


Dungeon Overview and Level Annotations

Branches:
Dungeon (2/15)

Altars:

Annotations:
D:2 Robin


Innate Abilities, Weirdness & Mutations

You are too large for most types of armour.
You have claws for hands.
Your natural rate of healing is unusually fast.
You are covered in fur. (AC +1)
You have tough skin. (AC +1)


Message History

The goblin is severely wounded.
The goblin hits you but does no damage.
A hobgoblin comes into view.
The goblin closely misses you. The quokka bites you.
You claw the goblin!
You kill the goblin!
You claw the goblin!
You kill the goblin!
You completely miss the quokka. The quokka bites you.
You completely miss the quokka. The quokka bites you.
Robin throws the goblin at you! The quokka bites you.
You miss the quokka. The goblin hits you but does no damage.
The quokka bites you.
You barely miss the quokka. The goblin hits you with a +0 dagger.
The quokka bites you.
A goblin comes into view.
It is wielding a +2 dagger of electrocution.
You barely miss the goblin. The quokka bites you.
The goblin hits you with a +0 dagger.
You closely miss the goblin. The quokka barely misses you.
The goblin hits you with a +0 dagger.
You scratch the goblin.
You kill the goblin!
The quokka closely misses you.
You closely miss the quokka. The quokka barely misses you.
A goblin comes into view. It is wielding a +0 dagger.
Robin roars a battlecry!
The goblin goes into a battle-frenzy!
The quokka bites you.
You scratch the quokka.
The quokka is almost dead.
The quokka bites you but does no damage.
Robin throws the goblin at you!
You barely miss the goblin.
The goblin hits you with a +2 dagger of electrocution.
The quokka completely misses you.
You closely miss the goblin.
The goblin hits you with a +2 dagger of electrocution.
You are electrocuted!!
Ouch! That really hurt!
You die...

#########
###########g..g....
#.......g@rg#
#.#########.# ###
#.# . ..#
..######'###.......#
....................
............###.....
............#
#......
..######+####
#...... ..#


You could see Robin, a quokka, a hobgoblin (strong) and 2 goblins.

Vanquished Creatures
  An adder (D:2)
  A worm (D:2)
  2 dart slugs (D:1)
  A ball python (D:1)
  An endoplasm (D:1)
  5 goblins
  5 hobgoblins (D:1)
  2 kobolds (D:1)
  4 quokkas (D:1)
  2 frilled lizards
  2 rats
26 creatures vanquished.

Notes
Turn   | Place    | Note
-------+----------+-------------------------------------------
     0 | D:1      | Nausicaa the Troll Monk began the quest for the Orb.
     0 | D:1      | Reached XP level 1. HP: 22/22 MP: 0/0
     6 | D:1      | Noticed a swamp worm
     6 | D:1      | Noticed a black mamba
     6 | D:1      | Noticed a six-headed hydra
     6 | D:1      | Noticed a polar bear
    89 | D:1      | Reached XP level 2. HP: 29/29 MP: 1/1
   740 | D:2      | Reached XP level 3. HP: 36/36 MP: 2/2
   812 | D:2      | Noticed Robin
   829 | D:2      | Slain by a goblin

Illustrated notes

Levels and vault maps discovered:
D:1:      onia_arrival_zoo_common, layout_basic
D:2:      layout_basic, chequers_ecumenical_altar_twisty,
          uniq_crazy_yiuf_cottage, uniq_robin, uniq_natasha

Action                   || total
-------------------------++-------
Melee: Unarmed           ||    81
       Punch             ||     2
 Stab: Sleeping          ||     1
Armor: Robe              ||    24
Dodge: Dodged            ||    38

Table legend: (Time is in decaauts)
 A = Elapsed time spent in this place.
 B = Non-inter-level travel time spent in this place.
 C = Inter-level travel time spent in this place.
 D = Time resting spent in this place.
 E = Time spent auto-exploring this place.
 F = Levels seen in this place.
 G = Mean time per level.
                   A        B        C        D        E       F      G
               +--------+--------+--------+--------+--------+-----+--------+
         Total |    823 |    810 |     13 |      0 |    611 |   2 |  411.5 |
       Dungeon |    823 |    810 |     13 |      0 |    611 |   2 |  411.5 |
               +--------+--------+--------+--------+--------+-----+--------+

Top non-repeatable levels by time:
     D:1: 702 daAuts
     D:2: 121 daAuts
